 Dungeon Crawl Stone Soup version 0.30-a0-570-g486de37d69 (webtiles) character file.

Game seed: 17772415945350953513

6610 kae the Transmogrifier (level 10, -1/111 HPs)
             Began as a Demonspawn Transmuter on Dec 29, 2022.
             Was a Follower of Ru.
             Slain by Psyche
             ... wielding a +1 dagger of distortion
              (4 damage)
             ... on level 8 of the Dungeon.
             The game lasted 00:13:17 (9626 turns).

kae the Transmogrifier (Demonspawn Transmuter)      Turns: 9626, Time: 00:13:18

Health: -1/111     AC: 25    Str: 14    XL:     10   Next: 71%
Magic:  17/17      EV:  2    Int: 16    God:    Ru [*.....]
Gold:   405        SH:  5    Dex: 13    Spells: 6/21 levels left

rFire   . . .      SeeInvis .      - Unarmed
rCold   . . .      Faith    .    (no shield)
rNeg    . . .      Spirit   .    (body armour currently unavailable)
rPois   +          Reflect  +    (helmet currently unavailable)
rElec   .          Harm     .    (cloak unavailable)
rCorr   .          Rampage  .    (gloves currently unavailable)
Will    .....      NoTele   +    (boots currently unavailable)
Stlth   +                        d - amulet of reflection
HPRegen 0.38/turn                E - +5 ring of evasion
MPRegen 0.30/turn                P - ring of poison resistance

@: tree-form, on berserk cooldown, slowed, unable to read, very slow
A: stationary, stasis, torment immunity, boosted hp, rugged brown scales 2,
demonic guardian 2, magic regeneration, inability to read after injury 2,
(weakness stinger 3), [low MP 1]
a: Renounce Religion


You were on level 8 of the Dungeon.
You worshipped Ru.
Ru was aware of your devotion.
You were a tree.
You visited 2 branches of the dungeon, and saw 9 of its levels.
You visited the Abyss 1 time.
You also visited: Ossuary and Bailey.

You collected 821 gold pieces.
You spent 416 gold pieces at shops.


Innate Abilities, Weirdness & Mutations

You are a tree.
Your roots penetrate the ground, keeping you stationary.
You cannot be teleported.
You are immune to unholy pain and torment.
Your maximum health is greatly increased.
Your equipment is partially melded.
(You are mostly covered in rugged brown scales. (AC +2, +5% HP))
A demonic guardian rushes to your aid.
You regenerate magic rapidly.
You sometimes lose the ability to read scrolls when taking damage.
((You have a sharp stinger which inflicts weakening toxins.))
[Your magical capacity is low. (-10% MP)]


   Skills:
 + Level 3.9 Fighting
 + Level 3.3 Armour
 - Level 1.7 Dodging
 * Level 7.4 Unarmed Combat
 + Level 6.2 Spellcasting
 * Level 8.7 Transmutations
 - Level 6.4 Ice Magic
 - Level 1.0 Poison Magic


You had 6 spell levels left.
You knew the following spells:

 Your Spells              Type           Power      Damage    Failure   Level
a - Beastly Appendage     Tmut           66%        N/A       1%          1
b - Wereblood             Tmut           33%        N/A       1%          2
c - Spider Form           Tmut/Pois      20%        N/A       5%          3
d - Ice Form              Ice/Tmut       29%        N/A       6%          4
e - Blade Hands           Tmut           16%        N/A       11%         5

Your spell library contained the following spells:

 Spells                   Type           Power      Damage    Failure   Level
 Ignite Poison            Fire/Tmut/Pois 15%        N/A       11%         3
 Poisonous Vapours        Pois/Air       12%        N/A       17%         2
 Cigotuvi's Dreadful Rot  Necr/Pois/Air  12%        N/A       19%         2
 Sublimation of Blood     Necr           5%         N/A       21%         2
 Mephitic Cloud           Conj/Pois/Air  6%         N/A       34%         3
 Kindle Blastsparks       Fire/Tloc/Air  10%        2d10      38%         3
 Portal Projectile        Hex/Tloc       10%        N/A       38%         3
 Tukima's Dance           Hex            5%         N/A       38%         3
 Sticky Flame             Conj/Fire      5%         2d3       80%         4
 Freezing Cloud           Conj/Ice/Air   5%         6-21      83%         5
 Summon Hydra             Summ           2%         N/A       100%        7
 Ignition                 Fire           2%         3d3       100%        8

Inventory:

Missiles
 c - 85 stones
 w - 23 poisoned darts
 y - 6 javelins
 C - 14 boomerangs
 F - 2 atropa-tipped darts
Armour
 a - a +1 robe (melded)
Magical Staves
 u - a staff of earth {!a}
   (You found it on level 4 of the Dungeon)
Jewellery
 d - an amulet of reflection (around neck)
   (You found it on level 5 of the Dungeon)
 z - a ring of wizardry
   (You took it off a kobold in a bailey)
 E - a +5 ring of evasion (left branch)
   (You found it on level 1 of the Dungeon)
 P - a ring of poison resistance (right branch)
   (You found it on level 2 of the Dungeon)
 T - an amulet of faith {!P}
   (You found it on level 7 of the Dungeon)
 Z - a ring of wizardry
   (You found it on level 3 of the Dungeon)
Wands
 v - a wand of light (4)
   (You found it on level 3 of the Dungeon)
 G - a wand of paralysis (12)
   (You found it on level 7 of the Dungeon)
 H - a wand of roots (5)
   (You found it on level 7 of the Dungeon)
Scrolls
 k - 2 scrolls of teleportation {@r4}
 l - a scroll of immolation {!r!r}
 p - 2 scrolls of blinking {!r}
 s - 2 scrolls of vulnerability {!r!r}
 x - a scroll of enchant weapon
 A - a scroll of fog
 D - a scroll of enchant armour
 I - 2 scrolls of identify {@r1}
Potions
 b - 2 potions of lignification {!q}
 e - 5 potions of brilliance
 f - 3 potions of haste {@q3}
 g - 2 potions of berserk rage {unknown}
 h - a potion of cancellation
 i - 3 potions of ambrosia {unknown}
 j - 6 potions of might {unknown}
 m - a potion of invisibility
 n - 3 potions of curing {@q1}
 o - a potion of heal wounds {@q2}
 q - 4 potions of degeneration {!q}
 r - 7 potions of flight
 t - a potion of magic {unknown}
Miscellaneous
 B - a box of beasts
   (You found it in a bailey)

Dungeon Overview and Level Annotations

Branches:
Dungeon (8/15) Zot: 26739  Temple (1/1) D:6 Zot: 5728    Lair (0/5) D:8
Ossuary (visited)          Bailey (visited)

Altars:
Ashenzari
Dithmenos
Fedhas
Gozag
Hepliaklqana
Kikubaaqudgha
Makhleb
Nemelex Xobeh
Okawaru
Qazlal
Ru
Sif Muna
Trog
Uskayaw
Vehumet
Wu Jian
Xom
Yredelemnul

Shops:
D:2 [   D:3 !   D:4 :   D:8 *

Annotations:
D:2 Terence
D:5 Eustachio
D:6 exclusion: acid dragon
D:8 Psyche

#. #..# #..#
##.# #.## #.##
#####.## #..#
#......# ##.#
#......# #.#
##......#
#<###.......#
#ยง..........#
#โ™ฃยง#####.####
#.{....#.#
#^..4###....#
#...#####...###
...# #.#.# ##
#.#.# ..#.#
..##.. #.. ###


You could see a friendly orange demon (summoned, wandering).


Message History

* * * LOW HITPOINT WARNING * * *
Something hits you!
* * * LOW HITPOINT WARNING * * *
A demonic guardian appears!
Something barely misses you. ๐Ÿ˜ฑ HP[-26] MP[+1]
You take 26 damage, and now have 8/74 hp.
MASSIVE DAMAGE!! (PAUSE)
You feel much better. Something hits you. Something hits you!
* * * LOW HITPOINT WARNING * * *
Your hellwing barely misses something. x2
Something hits your hellwing but does no damage. ๐Ÿ˜จ HP[+23]
You regained 23 hp, and now have 31/74 hp.
Something hits you.
* * * LOW HITPOINT WARNING * * *
Something hits you.
* * * LOW HITPOINT WARNING * * *
Your hellwing hits something!
Your hellwing barely misses something.
Something hits you but does no damage. ๐Ÿ˜จ HP[-12] MP[+1]
You take 12 damage, and now have 19/74 hp.
Something hits you.
* * * LOW HITPOINT WARNING * * *
Something barely misses you. Something hits you!
* * * LOW HITPOINT WARNING * * *
There is a gateway leading out of the Abyss here. ๐Ÿ˜ฑ HP[-8]
You take 8 damage, and now have 11/74 hp.
Something barely misses you. Something closely misses you.
Your hellwing hits something.
Your hellwing barely misses something.
Your hellwing hits something!
Your hellwing hits something but does no damage.
Something completely misses your hellwing.
You pass through the gate.
Welcome back to the Dungeon!
Level annotation: Psyche Reactivating autopickup.
Psyche begins to cast a cantrip, but forgets the words! ๐Ÿ˜ฑ MP[+1]
Your mp is fully restored (17).
You cannot read scrolls in your current state!
Unknown command.
Okay, then.
Something hits you.
* * * LOW HITPOINT WARNING * * *
Deactivating autopickup; reactivate with Ctrl-A.
Psyche barely misses you.
Psyche gestures wildly while chanting.
A swirling arc of seething chaos appears!
The arc of chaos hits you.
You feel drained.
* * * LOW HITPOINT WARNING * * *
The arc of chaos hits something.
Reactivating autopickup.
You feel a bit more experienced.
Your life force feels restored. ๐Ÿ˜ฑ HP[-4]
You take 4 damage, and now have 7/74 hp.
Unknown command.
Unknown command.
You feel much better. Psyche closely misses you.
Psyche begins to cast a cantrip, but forgets the words! ๐Ÿ˜จ HP[+25]
You regained 25 hp, and now have 32/74 hp.
Really quaff
b - 3 potions of lignification {!q}?
Really quaff the potion of lignification?
You turn into a tree.
Your +1 robe melds into your body.
Your roots penetrate the ground.
Psyche hits you with a +1 dagger of distortion.
* * * LOW HITPOINT WARNING * * *
Space warps horribly around you!!
* * * LOW HITPOINT WARNING * * *
Psyche mumbles some strange words.
A swirling arc of seething chaos appears!
The arc of chaos hits you but does no damage. ๐Ÿ˜จ HP[-3]
You now have 111 max hp (+37).
You hit Psyche. You punch Psyche.
Psyche hits you with a +1 dagger of distortion.
* * * LOW HITPOINT WARNING * * *
Space warps horribly around you!
* * * LOW HITPOINT WARNING * * *
Psyche mumbles some strange words.
Psyche flickers and vanishes!
Deactivating autopickup; reactivate with Ctrl-A. ๐Ÿ˜ฑ HP[-12]
You take 12 damage, and now have 17/111 hp.
You cannot move.
Unknown command.
You cannot move.
You cannot move.
Unknown command.
You cannot move.
You cannot move.
You closely miss something. Something hits you but does no damage.
Space warps horribly around you!
* * * LOW HITPOINT WARNING * * *
A demonic guardian appears!
Something hits you but does no damage. Space warps around you.
You die...

Skill      XL: |  1  2  3  4  5  6  7  8  9 10 |
---------------+-------------------------------+-----
Transmutations | 2 3 4 5 6 7 8 |  8.7
Unarmed Combat | 3 4 5 6 7 |  7.4
Spellcasting   | 3 4 5 6 |  6.2
Poison Magic   | 1 |  1.0
Ice Magic      | 1 3 4 6 |  6.4
Armour         | 2 3 |  3.3
Fighting       | 2 3 |  3.9
Dodging        | |  1.7

Action                   |  1- 3 |  4- 6 |  7- 9 | 10-12 || total
-------------------------+-------+-------+-------+-------++-------
Melee: Unarmed           |   109 |   112 |   391 |    65 ||   677
       Headbutt          |    16 |     7 |    11 |       ||    34
       Kick              |    21 |    13 |    18 |       ||    52
       Punch             |     3 |     1 |     4 |     1 ||     9
       Tailslap          |    11 |     9 |     7 |     6 ||    33
 Cast: Beastly Appendage |    27 |     5 |    19 |       ||    51
       Spider Form       |       |     7 |    25 |       ||    32
       Wereblood         |       |     1 |     2 |       ||     3
       Ice Form          |       |       |    16 |     6 ||    22
       Blade Hands       |       |       |       |     4 ||     4
Invok: Reject Sacrifices |       |       |     1 |       ||     1
       Sacrifice Words   |       |       |       |     1 ||     1
  Use: Scroll            |     7 |     2 |    10 |       ||    19
       Potion            |       |     1 |     2 |     3 ||     6
Armor: Robe              |    15 |     8 |     4 |     5 ||    32
       Skin              |       |     3 |    26 |    25 ||    54
Dodge: Dodged            |    98 |    84 |   279 |    49 ||   510
Block: Other             |       |       |    50 |    18 ||    68
       Reflection        |       |       |     6 |     1 ||     7

Levels and vault maps discovered:
D:1:      amcnicky_arrival_flooded_fountain, layout_basic, nrook_campfire,
          minmay_cut_off
D:2:      layout_loops_ring, dilly_ecumenical_altar_fadedgnrine, serial_shops,
          shop, uniq_terence
D:3:      layout_basic, serial_shops, nicolae_shop_stone, minivault_19,
          uniq_jessica
D:4:      layout_basic, serial_shops, nicolae_take_the_stairs,
          minmay_misc_feat_roman
D:5:      layout_rooms, grunt_temple_overflow_gold_and_silver, fedhas_altar_3,
          mainiacjoe_overflow_chevrons, nicolae_overflow_two_pavilions,
          enter_ossuary_2, minmay_crossroads, uniq_eustachio
D:6:      layout_layer_cave, lemuel_blue_sif_altar, kennysheep_mini_moat,
          minmay_temple_entry_junction, minmay_small_thing, uniq_edmund
D:7:      layout_cave_pods, enter_bailey_1, uniq_maggie
D:8:      layout_rooms, cheibriados_altar_1, lair_entry_dummy,
          nicolae_alphabet_shops, minmay_orc_keep, uniq_psyche
Temple:   oiseaux_autumnal_temple

Notes
Turn   | Place    | Note
-------+----------+-------------------------------------------
     0 | D:1      | kae the Demonspawn Transmuter began the quest for the Orb.
     0 | D:1      | Reached XP level 1. HP: 15/15 MP: 3/3
     0 | D:1      | magus.rc [v1.11.3]
    80 | D:1      | Reached skill level 2 in Transmutations
   168 | D:1      | Gained mutation: You have a small tail. [demonic ancestry]
   168 | D:1      | Reached XP level 2. HP: 20/21 MP: 3/5
   366 | D:1      | Reached skill level 3 in Unarmed Combat
   520 | D:1      | You pick up a book of Vapours and begin reading...
   520 | D:1      | You add the spells Poisonous Vapours, Cigotuvi's Dreadful
                  | Rot and Mephitic Cloud to your library.
   566 | D:1      | Gained mutation: You regenerate magic rapidly. [demonic
                  | ancestry]
   566 | D:1      | Reached XP level 3. HP: 26/26 MP: 4/6
   569 | D:1      | Learned a level 2 spell: Wereblood
   573 | D:1      | Learned a level 3 spell: Spider Form
  1227 | D:2      | Found Qecaitz's Armour Boutique.
  1277 | D:2      | Noticed Terence
  1387 | D:2      | Found a faded altar of an unknown god.
  1614 | D:2      | Reached skill level 3 in Transmutations
  2043 | D:3      | Gained mutation: You are partially covered in rugged brown
                  | scales. (AC +1, +3% HP) [demonic ancestry]
  2043 | D:3      | Reached XP level 4. HP: 24/32 MP: 7/7
  2178 | D:3      | You fall into a shaft and drop 3 floors!
  2236 | D:6      | Noticed a scorpion
  2254 | D:6      | Killed a scorpion
  2255 | D:6      | Reached skill level 3 in Spellcasting
  2255 | D:6      | Gained mutation: A weak demonic guardian rushes to your
                  | aid. [demonic ancestry]
  2255 | D:6      | Reached XP level 5. HP: 38/38 MP: 3/9
  2326 | D:6      | Found a sparkling altar of Nemelex Xobeh.
  2495 | D:6      | Noticed an acid dragon
  2525 | D:6      | Found a staircase to the Ecumenical Temple.
  2533 | Temple   | Entered the Ecumenical Temple
  2767 | Temple   | Became a worshipper of Ru the Awakened
  2866 | D:6      | Noticed Edmund
  3059 | D:6      | HP: 7/38 [shadow imp/nerve-wracking pain (12)]
  3062 | D:6      | HP: 1/38 [shadow imp/nerve-wracking pain (7)]
  3069 | D:5      | Entered Level 5 of the Dungeon
  3202 | D:5      | Reached skill level 4 in Transmutations
  3202 | D:5      | Reached skill level 1 in Poison Magic
  3240 | D:5      | Noticed Eustachio
  3249 | D:5      | Noticed a water moccasin
  3262 | D:5      | Killed a water moccasin
  3263 | D:5      | Reached XP level 6. HP: 29/44 MP: 8/11
  3268 | D:5      | Found a sand-covered staircase.
  3273 | Ossuary  | Entered an ossuary
  3298 | Ossuary  | Learned a level 4 spell: Ice Form
  3363 | Ossuary  | Reached skill level 4 in Unarmed Combat
  3456 | Ossuary  | Reached skill level 1 in Ice Magic
  3695 | Ossuary  | Gained mutation: You have a tail ending in a sharp stinger.
                  | [demonic ancestry]
  3695 | Ossuary  | Reached XP level 7. HP: 46/49 MP: 12/12
  3793 | Ossuary  | Reached skill level 5 in Transmutations
  3798 | Ossuary  | Reached skill level 2 in Ice Magic
  3897 | Ossuary  | Reached skill level 4 in Spellcasting
  3964 | Ossuary  | Reached skill level 3 in Ice Magic
  4316 | D:5      | Found a blossoming altar of Fedhas.
  4341 | D:4      | Found Hofez's Book Boutique.
  4429 | D:3      | You pick up a book of Changes and begin reading...
  4494 | D:3      | Found Tec Buohi's Distillery.
  4502 | D:3      | Bought a potion of curing for 36 gold pieces
  4502 | D:3      | Bought a potion of heal wounds for 60 gold pieces
  4502 | D:3      | Bought a potion of degeneration for 12 gold pieces
  4619 | D:3      | Gained mutation: You are mostly covered in rugged brown
                  | scales. (AC +2, +5% HP) [demonic ancestry]
  4619 | D:3      | Reached XP level 8. HP: 49/56 MP: 14/14
  4898 | D:3      | Noticed Jessica
  4906 | D:3      | Killed Jessica
  5413 | D:4      | Reached skill level 6 in Transmutations
  5433 | D:4      | You add the spells Kindle Blastsparks, Ignite Poison and
                  | Freezing Cloud to your library.
  5489 | D:4      | Reached skill level 5 in Unarmed Combat
  5489 | D:4      | Reached skill level 4 in Ice Magic
  6183 | D:5      | Found an ornate altar of the Wu Jian Council.
  6303 | D:5      | Found a hide-covered altar of Uskayaw.
  6303 | D:5      | Found a broken altar of Ashenzari.
  6343 | D:5      | Found an opulent altar of Gozag.
  6815 | D:6      | Killed Edmund
  6816 | D:6      | Reached skill level 5 in Spellcasting
  6816 | D:6      | Gained mutation: A demonic guardian rushes to your aid.
                  | [demonic ancestry]
  6816 | D:6      | Reached XP level 9. HP: 34/61 MP: 16/16
  6909 | D:6      | You add the spells Sticky Flame and Ignition to your
                  | library.
  6920 | D:6      | Reached skill level 5 in Ice Magic
  7135 | D:6      | Reached skill level 7 in Transmutations
  7486 | D:6      | You pick up a book of Blood and begin reading...
  7486 | D:6      | You add the spells Sublimation of Blood and Summon Hydra to
                  | your library.
  7508 | D:6      | Found a shimmering blue altar of Sif Muna.
  7593 | D:7      | Noticed Maggie
  7605 | D:7      | Killed Maggie
  7606 | D:7      | Reached skill level 1 in Armour
  7636 | D:7      | HP: 18/76 [wyvern (17)]
  7637 | D:7      | HP: 7/76 [wyvern (11)]
  7639 | D:7      | Reached skill level 2 in Fighting
  7659 | D:7      | Found a flagged portal.
  7668 | Bailey   | Entered a bailey
  7849 | Bailey   | Reached skill level 6 in Unarmed Combat
  8044 | Bailey   | Reached skill level 2 in Armour
  8044 | Bailey   | Reached skill level 6 in Ice Magic
  8463 | D:7      | Gained mutation: You have a sharp stinger which inflicts
                  | weakening toxins. [demonic ancestry]
  8463 | D:7      | Reached XP level 10. HP: 71/71 MP: 13/18
  9055 | D:8      | Noticed a two-headed ogre
  9064 | D:8      | Killed a two-headed ogre
  9065 | D:8      | Reached skill level 3 in Fighting
  9065 | D:8      | Reached skill level 8 in Transmutations
  9184 | D:8      | Gained mutation: You occasionally lose the ability to read
                  | scrolls when taking damage. [Ru sacrifice]
  9184 | D:8      | Gained mutation: You sometimes lose the ability to read
                  | scrolls when taking damage. [Ru sacrifice]
  9184 | D:8      | Reached * piety under Ru
  9199 | D:8      | Found Wtoic's Whimsical Warehouse.
  9209 | D:8      | Bought a book of Weapons for 308 gold pieces
  9209 | D:8      | You pick up a book of Weapons and begin reading...
  9209 | D:8      | You add the spells Tukima's Dance, Portal Projectile and
                  | Blade Hands to your library.
  9215 | D:8      | Learned a level 5 spell: Blade Hands
  9287 | D:8      | Found a staircase to the Lair.
  9304 | D:8      | Noticed Psyche
  9310 | D:8      | You are cast into the Abyss!
  9310 | Abyss:1  | Cast into level 1 of the Abyss (Psyche)
  9358 | Abyss:1  | Noticed a thrashing horror
  9455 | Abyss:1  | Noticed a thrashing horror
  9458 | Abyss:1  | Noticed a harpy
  9463 | Abyss:1  | Killed a thrashing horror
  9464 | Abyss:1  | Reached skill level 7 in Unarmed Combat
  9464 | Abyss:1  | Reached skill level 6 in Spellcasting
  9592 | Abyss:1  | Found a corrupted altar of Lugonu.
  9596 | Abyss:1  | Noticed a wretched star
  9604 | Abyss:1  | Noticed a smoke demon
  9604 | Abyss:1  | Killed a wretched star
  9605 | Abyss:1  | Reached skill level 3 in Armour
  9608 | Abyss:1  | Killed a smoke demon
  9616 | Abyss:1  | HP: 17/74 [something (7)]
  9616 | Abyss:1  | HP: 8/74 [something (9)]
  9621 | D:8      | You pass through the gate.
  9621 | D:8      | Escaped the Abyss
  9622 | D:8      | HP: 10/74 [something (2)]
  9626 | D:8      | HP: 3/111 [something (14)]
  9626 | D:8      | Slain by Psyche

Vanquished Creatures
  A two-headed ogre (D:8)
  A thrashing horror (Abyss:1)
  A wretched star (Abyss:1)
  A smoke demon (Abyss:1)
  Maggie (D:7)
  A hornet (D:7)
  A raiju (Abyss:1)
  A wyvern (D:7)
  Edmund (D:6)
  2 water moccasins
  A small abomination (Abyss:1)
  9 orc warriors
  3 black bears
  A sky beast (D:6)
  A centaur (D:7)
  A bullfrog (D:5)
  A kobold brigand (D:8)
  4 necrophages
  10 scorpions
  A howler monkey (D:4)
  4 human zombies (Ossuary)
  2 hounds
  Jessica (D:3)
  3 iguanas
  6 orc wizards
  4 scorpion zombies (Ossuary)
  3 mummies (Ossuary)
  3 gnolls
  6 adders
  4 shadow imps
  3 ufetubi
  2 worms
  2 dart slugs
  20 orcs
  4 ball pythons
  9 endoplasms
  A giant cockroach (D:2)
  2 gnoll zombies (Ossuary)
  7 goblins
  7 hobgoblins
  4 jackals (D:2)
  4 quokkas
  5 bats
  2 frilled lizards (D:3)
  4 goblin zombies (Ossuary)
  2 hobgoblin zombies (Ossuary)
  25 kobolds
  A kobold zombie (Ossuary)
  2 orc zombies (Ossuary)
  4 rats
189 creatures vanquished.

Vanquished Creatures (collateral kills)
  2 orc warriors (Bailey)
2 creatures vanquished.

Vanquished Creatures (others)
  10 plants (D:2)
10 creatures vanquished.

Grand Total: 201 creatures vanquished

Table legend:
 A = Non-vault XP
 B = Vault XP
 C = Vault XP percentage of total XP
 D = Non-vault monster count
 E = Vault monster count
 F = Vault count percentage of total count
                 A         B        C        D         E       F
            +---------+---------+-------+---------+---------+-------
      Total |    6607 |    2837 |  30.0 |     127 |      65 |  33.9
            +---------+---------+-------+---------+---------+-------
        D:1 |      38 |       8 |  17.4 |      15 |       5 |  25.0
        D:2 |      48 |       0 |   0.0 |      18 |       0 |   0.0
        D:3 |      76 |      37 |  32.7 |      21 |       1 |   4.5
        D:4 |     519 |       0 |   0.0 |      15 |       0 |   0.0
        D:5 |     479 |      97 |  16.8 |       7 |       1 |  12.5
        D:6 |     768 |     169 |  18.0 |      17 |       1 |   5.6
        D:7 |    1121 |     376 |  25.1 |      17 |       1 |   5.6
        D:8 |    1190 |       0 |   0.0 |      11 |       0 |   0.0
    Abyss:1 |    2368 |       0 |   0.0 |       6 |       0 |   0.0
    Ossuary |       0 |     892 | 100.0 |       0 |      28 | 100.0
     Bailey |       0 |    1258 | 100.0 |       0 |      28 | 100.0
            +---------+---------+-------+---------+---------+-------

Illustrated notes

Table legend:
 A = Kills in this place as a percentage of kills in entire the game.
 B = Kills by you in this place as a percentage of kills by you in the entire game.
 C = Kills by friends in this place as a percentage of kills by friends in the entire game.
 D = Other kills in this place as a percentage of other kills in the entire game.
 E = Experience gained in this place as a percentage of experience gained in the entire game.
 F = Experience gained in this place divided by the number of levels of this place that you have seen.
                   A       B       C       D       E      F
               +-------+-------+-------+-------+-------+----------------------
         Total | 100.0 | 100.0 | 100.0 | 100.0 | 100.0 | 787.0
       Dungeon |  67.7 |  68.3 |   0.0 | 100.0 |  52.2 | 615.8
         Abyss |   3.1 |   3.2 |   0.0 |   0.0 |  25.1 | 2368.0
       Ossuary |  14.6 |  14.8 |   0.0 |   0.0 |   9.4 | 892.0
        Bailey |  14.6 |  13.8 | 100.0 |   0.0 |  13.3 | 1258.0
               +-------+-------+-------+-------+-------+----------------------

Table legend: (Time is in decaauts)
 A = Elapsed time spent in this place.
 B = Non-inter-level travel time spent in this place.
 C = Inter-level travel time spent in this place.
 D = Time resting spent in this place.
 E = Time spent auto-exploring this place.
 F = Levels seen in this place.
 G = Mean time per level.
                   A        B        C        D        E       F      G
               +--------+--------+--------+--------+--------+-----+--------+
         Total |   9550 |   9193 |    357 |   1071 |   6260 |  12 |  795.8 |
       Dungeon |   7403 |   7099 |    304 |    311 |   5635 |   8 |  925.4 |
        Temple |    271 |    219 |     52 |      0 |    205 |   1 |  271.0 |
         Abyss |    310 |    310 |      0 |    214 |      0 |   1 |  310.0 |
       Ossuary |    844 |    844 |      0 |    294 |    214 |   1 |  844.0 |
        Bailey |    720 |    720 |      0 |    251 |    206 |   1 |  720.0 |
               +--------+--------+--------+--------+--------+-----+--------+

Top non-repeatable levels by time:
     D:6: 1503 daAuts
     D:2: 1044 daAuts
     D:3: 1022 daAuts
     D:4: 949 daAuts
     D:1: 946 daAuts
     D:5: 924 daAuts
 Ossuary: 844 daAuts
     D:7: 755 daAuts
  Bailey: 720 daAuts
 Abyss:1: 310 daAuts
  Temple: 271 daAuts
     D:8: 258 daAuts
